 Dungeon Crawl Stone Soup version 0.25.0-1-g7eea58d2a3 (webtiles) character file.

Game seed: 7773715255705249996

2061 Delamore the Basher (level 9, 0/51 HPs)
             Began as a Gargoyle Fighter on June 13, 2020.
             Was a Believer of Okawaru.
             Slain by a hellwing (9 damage)
             ... on level 7 of the Dungeon.
             The game lasted 00:09:43 (7444 turns).

Delamore the Basher (Gargoyle Fighter)              Turns: 7444, Time: 00:09:43

Health: 0/51       AC: 18    Str: 24    XL:     9   Next: 25%
Magic:  9/9        EV:  7    Int:  8    God:    Okawaru [**....]
Gold:   256        SH:  9    Dex:  9    Spells: 8/8 levels left

rFire    . . .     SeeInvis .   C - +0 morningstar
rCold    + . .     Gourm    .   c - +0 kite shield
rNeg     + + .     Faith    .   m - +2 scale mail {rC+}
rPois    ∞         Spirit   .   p - +0 helmet (curse)
rElec    +         Reflect  .   j - +1 cloak
rCorr    .         Harm     .   (no gloves)
MR       .....                  (no boots)
Stlth    ..........             (no amulet)
HPRegen  0.17/turn              h - ring of positive energy
MPRegen  0.11/turn              y - ring of wizardry

@: no status effects
A: negative energy resistance 1, electricity resistance, unbreathing,
petrification resistance, rot immunity, AC +6
a: Heroism, Renounce Religion


You were on level 7 of the Dungeon.
You worshipped Okawaru.
Okawaru was pleased with you.
You were hungry.

You visited 2 branches of the dungeon, and saw 8 of its levels.

You collected 256 gold pieces.

Inventory:

Hand Weapons
 a - a +0 flail
 C - a +0 morningstar (weapon)
Missiles
 E - 3 boomerangs of dispersal (quivered)
Armour
 b - a +0 scale mail
 c - a +0 kite shield (worn)
 j - a +1 cloak (worn)
 m - a +2 scale mail of cold resistance (worn)
 p - a cursed +0 helmet (worn)
Jewellery
 h - a ring of positive energy (left hand)
 r - an uncursed ring of protection from fire
 y - a ring of wizardry (right hand)
 B - an uncursed ring of positive energy
Wands
 t - a wand of flame (16)
 u - a wand of random effects (13)
 w - a wand of iceblast (13)
 A - a wand of paralysis (12)
 D - a wand of clouds (7)
Scrolls
 g - 6 scrolls of remove curse {unknown}
 k - 2 scrolls of teleportation
 q - a scroll of enchant weapon {unknown}
 s - a scroll of enchant armour {unknown}
 v - 2 scrolls of magic mapping
 x - a scroll of identify
 z - a scroll of fear {unknown}
Potions
 d - 2 potions of might
 e - 3 potions of cancellation
 i - a potion of flight
 n - 3 potions of curing
 o - a potion of haste
Comestibles
 f - 12 rations


   Skills:
 - Level 3.2 Fighting
 + Level 11.8 Maces & Flails
 - Level 3.2 Armour
 - Level 3.2 Shields


You had 8 spell levels left.
You didn't know any spells.
Your spell library contained the following spells:

 Spells                   Type           Power        Failure   Level  Hunger
 Foxfire                  Conj/Fire      #...         86%         1    ##.....
 Infusion                 Chrm           #...         86%         1    ##.....
 Shroud of Golubria       Chrm/Tloc      #.....       94%         2    ###....
 Song of Slaying          Chrm           #.......     94%         2    ###....
 Confusing Touch          Hex            #.......     99%         3    ####...
 Conjure Flame            Conj/Fire      #.......     99%         3    ####...
 Gell's Gravitas          Tloc           #.........   99%         3    ####...
 Inner Flame              Hex/Fire       #.......     99%         3    ####...
 Ozocubu's Armour         Chrm/Ice       #.......     99%         3    ####...
 Spectral Weapon          Hex/Chrm       #.......     99%         3    ####...
 Petrify                  Tmut/Erth      #.......     100%        4    #####..
 Sticky Flame             Conj/Fire      #.......     100%        4    #####..
 Fireball                 Conj/Fire      #.........   100%        5    ######.
 Metabolic Englaciation   Hex/Ice        #.........   100%        5    ######.
 Yara's Violent Unravell  Hex/Tmut       #.........   100%        5    ######.


Dungeon Overview and Level Annotations

Branches:
Dungeon (7/15)             Temple (1/1) D:4

Altars:
Ashenzari
Cheibriados
Dithmenos
Elyvilon
Fedhas
Gozag
Hepliaklqana
Kikubaaqudgha
Makhleb
Nemelex Xobeh
Okawaru
Qazlal
Ru
Sif Muna
Trog
Vehumet
Wu Jian
Xom
Yredelemnul
Zin
The Shining One


Innate Abilities, Weirdness & Mutations

You are resistant to torment.
Your stone body is resilient. (AC +6)
You are immune to poison.
You resist negative energy. (rN+)
You are resistant to electric shocks. (rElec)
You can survive without breathing.
You are immune to petrification.
You are immune to rotting.


Message History

The shadow imp hits you but does no damage.
You hit the hellwing but do no damage.
The hellwing is heavily wounded.
The hellwing hits you but does no damage.
The hellwing hits you.
The shadow imp hits you but does no damage.
You hit the hellwing.
The hellwing is severely wounded.
The hellwing hits you!
* * * LOW HITPOINT WARNING * * *
The hellwing hits you but does no damage.
The shadow imp hits you but does no damage.
You hit the hellwing but do no damage.
The hellwing is severely wounded.
The hellwing barely misses you. x2
The shadow imp hits you but does no damage.
Your shield and scale mail prevent you from hitting the hellwing.
The hellwing is severely wounded.
The hellwing hits you!
You die...

...ZP8...P. ...88P5.. 8P..ZP.
8.4.. ... #### #Z# #... #.# #..<
#.#######+####. #...
#Z55@4.......#. #...
######.......#.#####.
#..<..........###.
################....##..#........
#...................###.#........
#.....................#..........
#.................#...##....)..##
########..........#...##.......#.
#..........#...##.........


You could see a hellwing, 2 shadow imps and a centaur warrior skeleton.

Vanquished Creatures
  A water moccasin (D:4)
  2 orc warriors
  3 ice beasts
  An ogre (D:4)
  A centaur (D:5)
  2 bullfrogs (D:6)
  Blork the orc (D:4)
  A wyvern skeleton (D:6)
  2 howler monkeys (D:4)
  2 crimson imps
  2 hounds
  3 orc wizards
  5 orc priests
  A bullfrog skeleton (D:5)
  A centaur skeleton (D:5)
  2 iguanas
  Ijyb (D:4)
  7 worker ants
  A killer bee zombie (D:3)
  A hound skeleton (D:5)
  Robin (D:1)
  2 worker ant zombies (D:6)
  4 gnolls (D:5)
  10 adders
  A shadow imp (D:6)
  An ooze (D:4)
  An adder zombie (D:5)
  2 adder skeletons
  2 worms
  2 dart slugs (D:1)
  4 leopard geckos
  21 orcs
  10 bats
  7 giant cockroaches
  16 goblins
  8 hobgoblins
  10 jackals
  8 quokkas
  A ball python (D:1)
  5 frilled lizards
  6 kobolds
  A quokka skeleton (D:6)
  7 rats
170 creatures vanquished.

Vanquished Creatures (others)
  A giant cockroach (D:3)
  2 withered plants (D:7)
3 creatures vanquished.

Grand Total: 173 creatures vanquished

Notes
Turn   | Place    | Note
-------+----------+-------------------------------------------
     0 | D:1      | Delamore the Gargoyle Fighter began the quest for the Orb.
     0 | D:1      | Reached XP level 1. HP: 14/14 MP: 1/1
   258 | D:1      | Reached XP level 2. HP: 19/19 MP: 2/2
   304 | D:1      | Reached skill level 3 in Maces & Flails
   466 | D:1      | Reached XP level 3. HP: 20/23 MP: 3/3
   885 | D:2      | Reached skill level 4 in Maces & Flails
   897 | D:2      | Reached XP level 4. HP: 17/28 MP: 4/4
  1034 | D:2      | Found a sacrificial altar of Ru.
  1135 | D:2      | Noticed Robin
  1448 | D:1      | Killed Robin
  1640 | D:2      | Found a snail-covered altar of Cheibriados.
  1929 | D:3      | Reached skill level 5 in Maces & Flails
  2021 | D:3      | Reached XP level 5. HP: 32/32 MP: 5/5
  2636 | D:3      | Found a stormy altar of Qazlal.
  2672 | D:3      | Reached skill level 6 in Maces & Flails
  2745 | D:3      | Reached XP level 6. HP: 20/37 MP: 6/6
  3235 | D:4      | Found a radiant altar of Vehumet.
  3304 | D:4      | Noticed Blork the orc
  3316 | D:4      | Killed Blork the orc
  3413 | D:4      | Reached skill level 7 in Maces & Flails
  3458 | D:4      | Found a shimmering altar of Xom.
  3511 | D:4      | Found a staircase to the Ecumenical Temple.
  3562 | Temple   | Entered the Ecumenical Temple
  3596 | Temple   | Became a worshipper of Warmaster Okawaru
  3691 | D:4      | Reached XP level 7. HP: 32/41 MP: 7/7
  3886 | D:4      | Found a basalt altar of Yredelemnul.
  3887 | D:4      | Noticed Ijyb
  3902 | D:4      | Killed Ijyb
  3902 | D:4      | Reached skill level 8 in Maces & Flails
  4167 | D:4      | Reached * piety under Okawaru
  4514 | D:5      | Entered Level 5 of the Dungeon
  4862 | D:5      | Reached skill level 9 in Maces & Flails
  4862 | D:5      | Reached XP level 8. HP: 46/46 MP: 8/8
  5789 | D:6      | Reached skill level 10 in Maces & Flails
  5802 | D:6      | HP: 1/46 [ice beast (14)]
  5832 | D:6      | Found a shattered altar of Ashenzari.
  5942 | D:4      | Reached ** piety under Okawaru
  6459 | D:6      | Reached skill level 11 in Maces & Flails
  6500 | D:6      | Reached XP level 9. HP: 44/51 MP: 9/9
  7403 | D:7      | Noticed a hellwing
  7444 | D:7      | Slain by a hellwing

Illustrated notes

Levels and vault maps discovered:
D:1:      dpeg_arrival_boxes_within_box, layout_basic
D:2:      layout_rooms, chequers_temple_overflow_statue_of_worship, uniq_robin
D:3:      layout_basic, first_ration, grunt_qazlal_clouds
D:4:      layout_basic, vehumet_altar_wand_db, xom_butterflies,
          nicolae_overflow_crystal_walls, minmay_temple_entry_trees,
          minmay_fractal_squares_gapless_5, uniq_ijyb, uniq_blork_the_orc
D:5:      layout_loops_corners, serial_bayou, serial_bayou_pond_e,
          serial_bayou_lagoon_a, serial_bayou_shore_b, serial_bayou_pond_e,
          serial_bayou_pond_e, solitary_fountain
D:6:      layout_basic, overflow_temple_1_default
D:7:      cheibrodos_grave_circle, layout_basic
Temple:   regret_index_temple_waves

Skill      XL: |  1  2  3  4  5  6  7  8 |
---------------+-------------------------+-----
Maces & Flails | 3 4 5 6 7 9 11 | 11.8
Fighting       | |  3.2
Armour         | |  3.2
Shields        | |  3.2

Action                   |  1- 3 |  4- 6 |  7- 9 || total
-------------------------+-------+-------+-------++-------
Melee: Flail             |   123 |   262 |   363 ||   748
       Morningstar       |       |       |    84 ||    84
Evoke: Wand              |       |     2 |       ||     2
  Use: Scroll            |       |       |     8 ||     8
       Potion            |       |       |     2 ||     2
 Stab: Invisible         |       |       |     5 ||     5
  Eat: Chunk             |       |     9 |     9 ||    18
       Ration            |       |       |     1 ||     1
Armor: Scale mail        |    81 |   182 |   280 ||   543
Dodge: Dodged            |    70 |    99 |   145 ||   314
Block: Kite shield       |    87 |   155 |   239 ||   481
